 Dungeon Crawl Stone Soup version 0.30.1-8-g117510f58f (webtiles) character file.

Game seed: 1866059827540695713

354512 LucemDeus the Imperceptible (level 23, -6/144 HPs)
             Began as a Kobold Brigand on Sept 22, 2023.
             Was a Believer of Uskayaw.
             Mangled by a death knight
             ... wielding a +2 halberd
              (8 damage)
             ... while petrified by a catoblepas
             ... on level 13 of the Dungeon.
             The game lasted 02:07:42 (40609 turns).

LucemDeus the Imperceptible (Kobold Brigand)       Turns: 40609, Time: 02:07:42

Health: -6/144     AC: 16    Str: 11    XL:     23   Next: 32%
Magic:  24/31      EV:  3    Int: 13    God:    Uskayaw [**....]
Gold:   3239       SH:  0    Dex: 30    Spells: 30/33 levels left

rFire   . . .        z - +12 rapier of Vaumoth {heavy, +Blink}
rCold   . . .        (no shield)
rNeg    + + +        T - +4 Cigotuvi's embrace {Corpsefed rMiasma Drain rN+}
rPois   ∞            S - +2 helmet {SInv}
rElec   .            P - scarf {+Inv}
rCorr   .            C - +2 pair of gloves
SInv    +            K - +1 pair of boots {Fly}
Will    ++...        Y - amulet of faith Stlth *+++++++++
                     x - ring of willpower
HPRegen 0.44/turn    w - +6 ring of dexterity
MPRegen 0.22/turn

%: faith
@: petrified, flying
A: small, no large weapons, nightstalker 3
}: 2/15 runes: decaying, gossamer
a: Renounce Religion, Evoke Blink, Evoke Invisibility, Stomp, Line Pass


You were on level 13 of the Dungeon.
You worshipped Uskayaw.
Uskayaw was aware of your devotion.
You visited 8 branches of the dungeon, and saw 35 of its levels.

You collected 3578 gold pieces.
You spent 339 gold pieces at shops.

Inventory:

Hand Weapons
 z - the +12 rapier of Vaumoth (weapon) {heavy, +Blink}
   (You found it on level 1 of the Vaults)

   +Blink:    It lets you blink.
 A - the +7 short sword "Ageuxyp" {flame, Fragile Will+ rCorr Dex+6}
   (You found it on level 2 of the Vaults)

   Dex:       It affects your dexterity (+6).
   rCorr:     It protects you from acid and corrosion.
   Fragile:   It will be destroyed if unequipped.
   Will:      It increases your willpower.
 G - the +7 rapier of Premature Burial {holy, rF+ Str+4}
   (You found it on level 7 of the Dungeon)

   Str:       It affects your strength (+4).
   rF:        It protects you from fire.
 H - the +8 Vampire's Tooth {megavamp}
   (You found it on level 7 of the Dungeon)
Armour
 j - a scarf of resistance
 C - a +2 pair of gloves (worn)
 K - a +1 pair of boots of flying (worn)
 P - a scarf of invisibility (worn)
 S - a +2 helmet of see invisible (worn)
 T - the +4 Cigotuvi's embrace (worn) {Corpsefed rMiasma Drain rN+}
   (You found it on level 1 of the Orcish Mines)

   Corpsefed: It gathers nearby corpses to temporarily increase the armour it
   provides.
   rMiasma:   It protects you from foul pestilence.
   rN:        It protects you from negative energy.
   Drain:     It drains your maximum health when unequipped.
Jewellery
 e - a ring of protection from fire
 n - a +6 ring of strength
 t - a ring of resist corrosion
 w - a +6 ring of dexterity (right hand)
 x - a ring of willpower (left hand)
 y - a ring of poison resistance
 J - a +6 ring of dexterity
 O - a ring of protection from fire
 Q - a ring of willpower
 R - a ring of positive energy
 Y - an amulet of faith (around neck)
Wands
 g - a wand of charming (12)
 s - a wand of polymorph (8)
 F - a wand of iceblast (16)
 L - a wand of digging (24)
 N - a wand of flame (61)
 X - a wand of light (18)
Scrolls
 a - 8 scrolls of fog
 d - a scroll of brand weapon
 i - a scroll of amnesia
 k - 21 scrolls of teleportation
 l - 3 scrolls of silence
 u - 3 scrolls of poison
 B - a scroll of blinking
 E - 11 scrolls of identify
 V - a scroll of magic mapping
 W - 3 scrolls of fear
Potions
 b - 2 potions of invisibility
 f - a potion of berserk rage
 h - 7 potions of curing
 m - 5 potions of ambrosia
 p - 2 potions of resistance
 q - 5 potions of haste
 v - 2 potions of cancellation
 D - 3 potions of might
Miscellaneous
 c - a tin of tremorstones (2/2)
 I - a piece from Xom's chessboard (15/15)
 Z - a phial of floods (quivered)


   Skills:
 + Level 15.0 Fighting
 + Level 18.1 Short Blades
 - Level 2.1 Throwing
 + Level 6.5 Armour
 * Level 22.3 Dodging
 * Level 26.3 Stealth
 + Level 5.6 Spellcasting
 * Level 8.3 Hexes
 - Level 3.2 Translocations
 * Level 8.4 Invocations
 + Level 13.7 Evocations


You had 30 spell levels left.
You knew the following spells:

 Your Spells              Type           Power      Damage    Failure   Level
a - Portal Projectile     Hex/Tloc       36%        N/A       6%          3

Your spell library contained the following spells:

 Spells                   Type           Power      Damage    Failure   Level
 Confusing Touch          Hex            25%        N/A       2%          3
 Tukima's Dance           Hex            25%        N/A       2%          3
 Apportation              Tloc           22%        N/A       6%          1
 Cause Fear               Hex            12%        N/A       8%          4
 Lesser Beckoning         Tloc           22%        N/A       9%          2
 Inner Flame              Hex/Fire       14%        N/A       12%         3
 Summon Guardian Golem    Hex/Summ       14%        N/A       12%         3
 Momentum Strike          Conj/Tloc      14%        3d8       17%         2
 Gell's Gravitas          Tloc           11%        N/A       19%         3
 Teleport Other           Tloc           11%        N/A       19%         3
 Kiss of Death            Conj/Necr      12%        2d6       22%         1
 Necrotise                Necr           12%        1d4       22%         1
 Sandblast                Erth           6%         2d5       22%         1
 Sting                    Tmut/Pois      12%        1d3       22%         1
 Summon Small Mammal      Summ           12%        N/A       22%         1
 Cigotuvi's Dreadful Rot  Necr/Pois/Air  6%         N/A       34%         2
 Passwall                 Tmut/Erth      2%         N/A       34%         2
 Poisonous Vapours        Pois/Air       6%         N/A       34%         2
 Anguish                  Hex/Necr       7%         N/A       38%         4
 Call Canine Familiar     Summ           3%         N/A       56%         3
 Frozen Ramparts          Ice            6%         1d1       56%         3
 Ignite Poison            Fire/Tmut/Pois 3%         N/A       56%         3
 Stone Arrow              Conj/Erth      6%         3d7       56%         3
 Metabolic Englaciation   Hex/Ice        7%         N/A       75%         5
 Animate Armour           Summ/Erth      6%         N/A       92%         4
 Dispel Undead            Necr           3%         3d7       92%         4
 Flame Wave               Conj/Fire      3%         2d5       92%         4
 Ice Form                 Ice/Tmut       3%         N/A       92%         4
 Olgreb's Toxic Radiance  Pois           3%         N/A       92%         4
 Petrify                  Tmut/Erth      3%         N/A       92%         4
 Sticky Flame             Conj/Fire      3%         2d3       92%         4
 Summon Ice Beast         Ice/Summ       3%         N/A       92%         4
 Arcjolt                  Conj/Air       1%         1d11      99%         5
 Blade Hands              Tmut           1%         N/A       99%         5
 Freezing Cloud           Conj/Ice/Air   1%         6-21      99%         5
 Enfeeble                 Hex            12%        N/A       99%         7
 Statue Form              Tmut/Erth      2%         N/A       100%        6
 Orb of Destruction       Conj           1%         9d5       100%        7
 Spellforged Servitor     Conj/Summ      1%         N/A       100%        7
 Borgnjor's Revivificati  Necr           1%         N/A       100%        8
 Lehudib's Crystal Spear  Conj/Erth      1%         10d2      100%        8
 Necromutation            Tmut/Necr      1%         N/A       100%        8
 Death's Door             Necr           1%         N/A       100%        9


Dungeon Overview and Level Annotations

Branches:
Dungeon (13/15)            Temple (1/1) D:7            Lair (5/5) D:11
  Swamp (4/4) Lair:3       Spider (4/4) Lair:2        Slime (0/5) Lair:4
    Orc (2/2) D:9             Elf (1/3) Orc:2        Vaults (5/5) D:13
  Crypt (0/3) Vaults:2

Altars:
Ashenzari
Cheibriados
Dithmenos
Elyvilon
Fedhas
Gozag
Hepliaklqana
Kikubaaqudgha
Makhleb
Nemelex Xobeh
Okawaru
Qazlal
Ru
Sif Muna
Trog
Uskayaw
Vehumet
Wu Jian
Xom
Yredelemnul
Zin
The Shining One

Shops:
D:6 =   D:13 !   Orc:2 ?([?

Portals:
Trove: Vaults:3 (give 4 scrolls of blinking)

Annotations:
Orc:1 2 transporters


Innate Abilities, Weirdness & Mutations

You are small and have problems with some larger weapons.
You are completely attuned to the shadows.


Message History

You feel your power leaking away.
The cyclops throws a large rock.
The large rock hits you!!
The catoblepas breathes a plume of calcifying dust at you.
The blast of calcifying dust hits you but does no damage.
The death knight hits you from afar with a +2 halberd!
The yaktaur shoots a bolt.
The bolt hits you!
The yaktaur shoots a bolt.
The bolt hits you!
Uskayaw links your audience in an emotional bond!
You are engulfed in calcifying dust.
The meliai hits you from afar with a +1 antimagic trident!
You feel your power leaking away. The meliai hits you but does no damage.
The catoblepas gores you! The death knight barely misses you.
You are engulfed in calcifying dust.
The meliai barely misses you. x2
The yaktaur shoots a bolt.
The bolt hits you!!
* * * LOW HITPOINT WARNING * * *
The death knight barely misses you. The catoblepas gores you!
* * * LOW HITPOINT WARNING * * *
You are engulfed in calcifying dust.
The meliai hits you but does no damage.
The meliai hits you from afar with a +1 antimagic trident.
The cyclops hits you!!
* * * LOW HITPOINT WARNING * * *
The catoblepas gores you!!
* * * LOW HITPOINT WARNING * * *
The death knight hits you from afar with a +2 halberd.
* * * LOW HITPOINT WARNING * * *
The cyclops is no longer sharing its pain.
The meliai hits you from afar with a +1 antimagic trident.
The meliai hits you but does no damage.
The death knight hits you but does no damage.
The catoblepas gores you.
The cyclops hits you but does no damage.
The yaktaur unwields a +2 heavy arbalest.
The yaktaur barely misses you. The meliai hits you but does no damage.
The meliai hits you from afar with a +1 antimagic trident.
* * * LOW HITPOINT WARNING * * *
You feel your power leaking away.
The death knight hits you from afar with a +2 halberd!
You die...

####...###..#..##
##....##.##...# ##
#.............# #.
#.##########..# #.
#.#>.$. y$<#.## #.
#.#.$.$ $W$#.# #.
#.#$y/) ?$.#.#####.
#.#c$$) #.......
#.@Cp=) #.#####.
#.#Yc($ ?.$#.......
#.#B.$. c$$#.######
#.#<$.$ $Y>#.######
#.##########.......
#............#.####
####...........#
#############


You could see a death knight (pain bonded), a catoblepas (pain bonded), a
boulder beetle (pain bonded), a cyclops, 2 yaktaurs and a meliai (pain bonded).

Vanquished Creatures
  Mara (Swamp:3)
  Jory (Vaults:2)
  Arachne (Spider:4)
  A lich (Vaults:4)
  A sphinx (Vaults:4)
  A thorn hunter (Swamp:4)
  Agnes (Spider:1)
  The ghost of Ypsiuj the Thaumaturge, an adept GnSk of Makhleb (Swamp:1)
  The ghost of Vudadgh the Warrior, an adept HuWr of Hepliaklqana (Swamp:3)
  An emperor scorpion (Spider:1)
  A fire giant (Vaults:2)
  5 ghost moths
  A frost giant (Vaults:1)
  5 vault wardens
  The ghost of swinepaste the Fencer, a journeyman DsMo of Wu Jian (Swamp:3)
  The ghost of esper6 the Thaumaturge, a journeyman GnNe of Cheibriados (Swamp:3)
  2 orc warlords
  5 broodmothers
  2 ironbound thunderhulks
  4 very ugly things
  3 war gargoyles
  A stone giant (Vaults:1)
  A deep elf demonologist (Elf:1)
  12 ironbound preservers
  14 dire elephants
  2 deep elf annihilators (Elf:1)
  6 eleionomae
  4 spark wasps
  2 bunyips
  A deep elf death mage (Vaults:4)
  An ettin (Vaults:1)
  Josephine (D:12)
  A shambling mangrove (Swamp:4)
  3 crystal guardians
  3 great orbs of eyes
  6 yaktaur captains
  3 entropy weavers
  11 vault guards
  4 peacekeepers
  20 hydras
  2 ghost crabs
  3 catoblepae
  A radroach (Spider:2)
  5 centaur warriors
  8 ironbound frosthearts
  An ogre mage (D:13)
  A jorogumo (Spider:1)
  9 alligators
  8 boulder beetles
  4 two-headed ogres
  12 death yaks (Lair:5)
  2 dancing weapons (Elf:1)
  A vampire mage (Vaults:2)
  A deep troll shaman (Lair:5)
  A spriggan berserker (Swamp:4)
  13 spriggans
  An orc high priest (Orc:2)
  7 deep elf knights
  3 sun moths
  A skyshark (Lair:4)
  13 pharaoh ants
  5 goliath frogs
  26 deep trolls
  A storm dragon skeleton (Vaults:3)
  3 spriggan druids
  14 swamp dragons
  6 orb spiders
  17 lindwurms
  10 deep elf archers
  6 bog bodies
  10 ironbound convokers
  13 steelbarb worms
  5 wizards
  18 deep elf pyromancers
  9 deep elf zephyrmancers (Elf:1)
  16 wolf spiders
  2 necromancers
  The ghost of Mefist the Gusty, a novice DEAE (D:7)
  2 cyclopes
  8 orc knights
  13 ugly things
  A manticore (D:13)
  3 will-o-the-wisps
  2 moths of wrath
  13 elephants
  A human skeleton (Vaults:3)
  15 demonic crawlers
  7 torpor snails
  5 black mambas
  16 vault sentinels
  2 gargoyles (D:12)
  13 cane toads
  An unseen horror (D:11)
  16 komodo dragons
  A kobold demonologist (D:10)
  3 rime drakes
  A komodo dragon (shapeshifter) (D:13)
  A freezing wraith (D:13)
  28 yaktaurs
  An efreet (D:13)
  9 meliai
  7 trolls
  2 bloated husks (Swamp:2)
  10 hornets
  2 polar bears (Lair:5)
  8 tyrant leeches
  25 tarantellas
  13 blink frogs
  3 shadows
  An air elemental (Elf:1)
  33 slime creatures
  3 vampires (Vaults:2)
  26 jumping spiders
  Sigmund (D:4)
  5 wyverns
  20 culicivoras
  A basilisk (Lair:3)
  38 yaks
  8 wraiths
  A steam dragon (D:7)
  A fire elemental (Elf:1)
  43 redbacks
  6 vampire mosquitoes (Swamp:1)
  11 swamp worms
  A two-headed ogre zombie (D:9)
  A warg (Orc:2)
  11 water moccasins
  An acid dragon (D:9)
  29 orc warriors
  3 ice beasts
  4 black bears
  6 swamp drakes (Swamp:4)
  6 ogres
  15 wolves
  17 centaurs
  2 phantoms
  2 kobold brigands
  2 earth elementals (Elf:1)
  3 necrophages (D:7)
  5 bullfrogs
  2 gnoll sergeants
  4 scorpions
  A wyvern zombie (D:7)
  7 wights
  3 troll zombies (D:9)
  5 howler monkeys
  2 electric eels
  A human zombie (D:7)
  2 jellies
  A human simulacrum (Vaults:3)
  5 hounds
  11 orc priests
  2 gnoll boudas
  8 iguanas
  3 sleepcaps
  Terence (D:2)
  16 orc wizards
  3 killer bee zombies (D:7)
  5 ogre zombies
  A killer bee simulacrum (D:7)
  A howler monkey zombie (D:7)
  28 gnolls
  11 adders
  3 white imps
  2 ufetubi (D:5)
  A worm (D:2)
  2 dart slugs
  83 orcs
  7 ball pythons
  7 endoplasms
  6 giant cockroaches
  11 hobgoblins
  10 jackals (D:4)
  2 quokkas
  6 bats
  A frilled lizard (D:3)
  3 goblins
  3 goblin skeletons (D:9)
  2 goblin zombies (D:9)
  2 hobgoblin skeletons (D:9)
  2 hobgoblin zombies (D:9)
  12 kobolds
  16 orc zombies (D:9)
  5 rats
1242 creatures vanquished.

Vanquished Creatures (others)
  A deep elf pyromancer (Elf:1)
  A bloated husk (Swamp:3)
  A water elemental (Elf:1)
  4 foxfires (Swamp:3)
7 creatures vanquished.

Grand Total: 1249 creatures vanquished

Notes
Turn   | Place    | Note
-------+----------+-------------------------------------------
     0 | D:1      | LucemDeus the Kobold Brigand began the quest for the Orb.
     0 | D:1      | Reached XP level 1. HP: 12/12 MP: 1/1
   181 | D:1      | Reached XP level 2. HP: 7/17 MP: 2/2
   537 | D:1      | Found a faded altar of an unknown god.
   543 | D:1      | Reached XP level 3. HP: 22/22 MP: 3/3
   817 | D:2      | Reached skill level 6 in Stealth
  1069 | D:2      | Noticed Terence
  1073 | D:2      | Killed Terence
  1074 | D:2      | Reached XP level 4. HP: 27/27 MP: 4/4
  1424 | D:3      | Reached XP level 5. HP: 28/32 MP: 5/5
  1463 | D:3      | Identified the +2 long sword of Optimality {antimagic,
                  | rElec rF+ Str+4 Int-3}
  1480 | D:3      | Found a snail-covered altar of Cheibriados.
  1663 | D:3      | Found a shimmering blue altar of Sif Muna.
  2059 | D:4      | Reached skill level 7 in Stealth
  2059 | D:4      | Reached XP level 6. HP: 32/37 MP: 6/6
  2183 | D:4      | Noticed Sigmund
  2189 | D:4      | Killed Sigmund
  2190 | D:4      | Reached XP level 7. HP: 42/42 MP: 7/7
  2442 | D:4      | Reached skill level 5 in Dodging
  2442 | D:4      | Reached skill level 8 in Stealth
  2897 | D:4      | Reached skill level 5 in Short Blades
  2903 | D:4      | Reached XP level 8. HP: 48/48 MP: 8/8
  3145 | D:4      | Reached skill level 9 in Stealth
  4133 | D:5      | Entered Level 5 of the Dungeon
  4152 | D:5      | Reached skill level 10 in Stealth
  4161 | D:4      | Reached skill level 5 in Fighting
  4272 | D:5      | Reached XP level 9. HP: 51/54 MP: 9/9
  4553 | D:5      | Reached skill level 11 in Stealth
  5141 | D:5      | Identified a scroll of acquirement
  5141 | D:5      | Acquired the +4 quick blade of Demand {drain, Int+3}
  5305 | D:6      | Found Obah Punt's Jewellery Boutique.
  5315 | D:6      | Reached XP level 10. HP: 60/60 MP: 10/10
  5319 | D:6      | Bought a ring of poison resistance for 240 gold pieces
  5386 | D:6      | Reached skill level 12 in Stealth
  5921 | D:7      | Found a staircase to the Ecumenical Temple.
  5927 | Temple   | Entered the Ecumenical Temple
  6039 | Temple   | Became a worshipper of Uskayaw the Reveller
  6401 | D:7      | Reached * piety under Uskayaw
  6403 | D:7      | Reached ** piety under Uskayaw
  6415 | D:7      | Reached *** piety under Uskayaw
  6557 | D:7      | Reached **** piety under Uskayaw
  6787 | D:7      | Found a runed translucent door.
  6788 | D:7      | Noticed Mefist's ghost (novice DEAE)
  6864 | D:7      | Reached skill level 10 in Dodging
  6867 | D:7      | Reached ***** piety under Uskayaw
  6877 | D:7      | Found an ancient bone altar of Kikubaaqudgha.
  7262 | D:7      | Killed Mefist's ghost
  7263 | D:7      | Reached skill level 13 in Stealth
  7263 | D:7      | Identified the +7 rapier of Premature Burial {holy, rF+
                  | Str+4}
  7263 | D:7      | Found the +8 Vampire's Tooth {megavamp}
  7769 | D:8      | Found a burning altar of Makhleb.
  8125 | D:9      | Found an ornate altar of the Wu Jian Council.
  8129 | D:9      | Found a glowing golden altar of the Shining One.
  8160 | D:9      | Reached XP level 11. HP: 67/67 MP: 11/11
  8449 | D:9      | Noticed a two-headed ogre
  8453 | D:9      | Killed a two-headed ogre
  8454 | D:9      | Reached skill level 14 in Stealth
  8675 | D:9      | Found a white marble altar of Elyvilon.
  8774 | D:9      | Found a staircase to the Orcish Mines.
  8782 | D:9      | Found a shadowy altar of Dithmenos.
  9408 | D:10     | Entered Level 10 of the Dungeon
  9558 | D:10     | Reached skill level 1 in Evocations
  9842 | D:10     | Reached skill level 15 in Stealth
 10438 | D:11     | Reached skill level 10 in Short Blades
 10438 | D:11     | Reached XP level 12. HP: 75/75 MP: 12/12
 10545 | D:11     | Noticed a two-headed ogre
 10549 | D:11     | Killed a two-headed ogre
 10608 | D:11     | Found a frozen archway.
 10641 | D:11     | Found a staircase to the Lair.
 10698 | D:11     | Found a stormy altar of Qazlal.
 10988 | D:11     | Noticed a boulder beetle
 11022 | D:11     | Killed a boulder beetle
 11038 | D:11     | Reached skill level 16 in Stealth
 11196 | Orc:1    | Entered Level 1 of the Orcish Mines
 11349 | Orc:1    | Found a transporter.
 11349 | Orc:1    | Noticed a juggernaut
 11350 | Orc:1    | Found the +4 Cigotuvi's embrace {Corpsefed rMiasma Drain
                  | rN+}
 11351 | Orc:1    | Found a transporter.
 11351 | Orc:1    | Found a transporter.
 11351 | Orc:1    | Found a sparkling altar of Nemelex Xobeh.
 11588 | Orc:1    | Found a transporter.
 11592 | Orc:1    | Found a transporter.
 11593 | Orc:1    | Found a transporter.
 11972 | Orc:2    | Entered Level 2 of the Orcish Mines
 12057 | Orc:2    | Found a staircase to the Elven Halls.
 12260 | Orc:2    | Reached ****** piety under Uskayaw
 12367 | Orc:2    | Found Geurcho's Armour Boutique.
 12367 | Orc:2    | Found Sejiw's Weapon Shoppe.
 12367 | Orc:2    | Found Leipt's Magic Scroll Emporium.
 12368 | Orc:2    | Found Tydeig's Magic Scroll Shop.
 12445 | Orc:2    | Noticed an orc warlord
 12505 | Orc:2    | Killed an orc warlord
 12506 | Orc:2    | Reached skill level 5 in Evocations
 12510 | Orc:2    | Reached skill level 17 in Stealth
 12510 | Orc:2    | Reached XP level 13. HP: 80/80 MP: 13/13
 12754 | Orc:2    | Found Jizey's Magic Scroll Emporium.
 13316 | Elf:1    | Entered Level 1 of the Elven Halls
 13545 | Elf:1    | Reached skill level 18 in Stealth
 13584 | Elf:1    | Reached skill level 10 in Fighting
 14055 | Elf:1    | Noticed a deep elf annihilator
 14076 | Elf:1    | Reached skill level 15 in Dodging
 14111 | Elf:1    | Killed a deep elf annihilator
 14142 | Elf:1    | Reached XP level 14. HP: 88/88 MP: 14/14
 14263 | Elf:1    | Got the Annotations on Confrontation
 14322 | Elf:1    | Noticed a deep elf annihilator
 14347 | Elf:1    | Killed a deep elf annihilator
 14353 | Elf:1    | Reached skill level 19 in Stealth
 14490 | Elf:1    | Noticed a deep elf demonologist
 14516 | Elf:1    | Killed a deep elf demonologist
 15724 | Lair:1   | Entered Level 1 of the Lair of Beasts
 17122 | Lair:2   | Found a hole to the Spider Nest.
 17747 | Lair:3   | Reached XP level 15. HP: 94/94 MP: 15/15
 17758 | Lair:3   | Reached skill level 20 in Stealth
 17897 | Lair:3   | Found a staircase to the Swamp.
 19717 | Lair:4   | Found a staircase to the Slime Pits.
 19896 | Lair:5   | Entered Level 5 of the Lair of Beasts
 20539 | Lair:5   | Reached skill level 21 in Stealth
 21088 | Lair:5   | Reached skill level 10 in Evocations
 21088 | Lair:5   | Reached XP level 16. HP: 96/101 MP: 16/16
 21121 | Lair:5   | Identified the staff of conjuration "Tumnez" {rN+ Str-5
                  | Dex+3 SInv}
 21569 | Swamp:1  | Entered Level 1 of the Swamp
 21775 | Swamp:1  | Found a runed translucent gate.
 21776 | Swamp:1  | Found a runed translucent gate.
 21776 | Swamp:1  | Noticed Ypsiuj's ghost (adept GnSk)
 21777 | Swamp:1  | Found a runed translucent gate.
 21919 | Swamp:1  | Killed Ypsiuj's ghost
 22741 | Swamp:2  | Reached skill level 22 in Stealth
 23271 | Swamp:3  | Noticed Mara
 23275 | Swamp:3  | Killed Mara
 23454 | Swamp:3  | Reached skill level 15 in Short Blades
 23519 | Swamp:3  | Reached XP level 17. HP: 58/108 MP: 17/17
 23958 | Swamp:3  | Found a runed translucent gate.
 23958 | Swamp:3  | Noticed swinepaste's ghost (journeyman DsMo)
 23959 | Swamp:3  | Found a runed translucent gate.
 23959 | Swamp:3  | Noticed Vudadgh's ghost (adept HuWr)
 23960 | Swamp:3  | Found a runed translucent gate.
 23960 | Swamp:3  | Noticed esper6's ghost (journeyman GnNe)
 24374 | Swamp:3  | Killed esper6's ghost
 24599 | Swamp:3  | Killed Vudadgh's ghost
 24604 | Swamp:3  | Killed swinepaste's ghost
 24850 | Swamp:4  | Entered Level 4 of the Swamp
 25102 | Swamp:4  | Reached skill level 23 in Stealth
 25107 | Swamp:4  | Reached skill level 1 in Armour
 25245 | Swamp:4  | Noticed a thorn hunter
 25282 | Swamp:4  | Killed a thorn hunter
 25840 | Swamp:4  | Got a decaying rune of Zot
 26263 | Spider:1 | Entered Level 1 of the Spider Nest
 26656 | Spider:1 | Reached XP level 18. HP: 114/115 MP: 18/18
 27435 | Spider:2 | Noticed Agnes
 27468 | Spider:1 | Killed Agnes
 27913 | Spider:2 | Reached skill level 24 in Stealth
 28885 | Spider:2 | Learned a level 3 spell: Portal Projectile
 29041 | Spider:3 | Reached skill level 1 in Hexes
 29208 | Spider:3 | Reached skill level 1 in Translocations
 29330 | Spider:3 | Reached skill level 1 in Spellcasting
 29630 | Spider:4 | Entered Level 4 of the Spider Nest
 29898 | Spider:4 | Noticed Arachne
 29928 | Spider:4 | Killed Arachne
 29930 | Spider:4 | Reached XP level 19. HP: 121/121 MP: 21/21
 30864 | Spider:4 | Got a gossamer rune of Zot
 31723 | D:12     | Noticed Josephine
 31725 | D:12     | Killed Josephine
 32267 | D:12     | Reached skill level 25 in Stealth
 32267 | D:12     | Reached XP level 20. HP: 127/127 MP: 24/24
 32268 | D:12     | Reached skill level 5 in Armour
 32268 | D:12     | Reached XP level 21. HP: 132/132 MP: 25/25
 32390 | D:13     | Found Nethit's Distillery.
 32395 | D:13     | Bought a potion of curing for 33 gold pieces
 32395 | D:13     | Bought a potion of curing for 33 gold pieces
 32395 | D:13     | Bought a potion of curing for 33 gold pieces
 32626 | D:13     | Found a gate to the Vaults.
 32688 | Vaults:1 | Entered Level 1 of the Vaults
 32706 | Vaults:1 | Identified the +12 rapier of Vaumoth {heavy, +Blink}
 32743 | Vaults:1 | Reached skill level 5 in Hexes
 32982 | Vaults:1 | You are sucked into a shaft and drop 1 floor!
 33185 | Vaults:2 | Identified the +0 robe of the Grand God {Str+2 SInv}
 33190 | Vaults:2 | Identified the +7 short sword "Ageuxyp" {flame, Fragile
                  | Will+ rCorr Dex+6}
 33392 | Vaults:2 | Reached skill level 5 in Invocations
 33525 | Vaults:2 | Noticed Jory
 33529 | Vaults:2 | Killed Jory
 33755 | Vaults:2 | Reached XP level 22. HP: 80/138 MP: 27/27
 33922 | Vaults:2 | Identified the +5 chain mail of the Illusory Allies {rN++}
 34475 | Vaults:2 | Found a staircase to the Crypt.
 36873 | Vaults:3 | Reached skill level 26 in Stealth
 36876 | Vaults:3 | Reached skill level 5 in Spellcasting
 37038 | Vaults:3 | Identified the staff of poison "Jagohal" {rPois Dex+3 SInv}
 37122 | Vaults:3 | Found a portal to a secret trove of treasure.
 37773 | Vaults:4 | Reached XP level 23. HP: 102/144 MP: 30/30
 38846 | Vaults:4 | Reached skill level 15 in Fighting
 39164 | Vaults:5 | Entered Level 5 of the Vaults
 40607 | D:13     | HP: 4/144 [catoblepas (13)]
 40609 | D:13     | Mangled by a death knight

Illustrated notes

Levels and vault maps discovered:
D:1:      dpeg_arrival_signposts, layout_rooms,
          shapermc_ecumenical_altar_mp_ritualfount, hangedman_glass_teeth,
          minmay_distorted
D:2:      layout_basic, uniq_terence
D:3:      layout_basic, lemuel_doored_altar, kennysheep_orc_sif_temple
D:4:      lemuel_castle_with_subvaults [lemuel_castle_interior_carwin_3],
          layout_gridville, uniq_sigmund
D:5:      layout_rooms, corexii_corridor_pit, minmay_misc_feat_secret_circle,
          corexii_corridor_pit, nzn_random_ring
D:6:      layout_rooms, serial_shops, shop, grunt_ministairs_9, chequers_garden,
          palyth_stone_intersect
D:7:      layout_basic, lemuel_mausoleum_altar_kikubaaqudgha, temple_fountains,
          ebering_ghost_inner_flame, glass_columns_a
D:8:      layout_basic, lightli_temple_of_fire, minmay_between
D:9:      layout_loops_ring, mainiacjoe_overflow_large_starburst,
          grunt_temple_overflow_open, zombieorc2_lemuel, roderic_lattice_a,
          nicolae_water_bricks
D:10:     layout_roguey
D:11:     layout_loops_cross, david_lair_shrubbed,
          portal_ice_cave_entry_pillars_2, nicolae_qazlal_style_of_elements
D:12:     layout_irregular_city, uniq_josephine
D:13:     layout_loops_ring, grunt_vaults_entry_fortified, serial_shops,
          nicolae_square_shop, minivault_12
Temple:   zaba_magenta_temple
Lair:1:   layout_cellular_growth
Lair:2:   layout_cave_pods, spider_nest_entry_a
Lair:3:   layout_regular_city, minmay_swamp_entry_worms
Lair:4:   layout_gridlike, dpeg_slime_entry_enclosed, grunt_megastairs_2
Lair:5:   grunt_lair_end_beastmaster, layout_gridlike,
          infiniplex_staircase_pool_2
Swamp:1:  layout_basic_swamp, gammafunk_ghost_hydra_chop,
          nicolae_swamp_little_tower
Swamp:2:  layout_basic_swamp, evilmike_swamp_ruin_rubble_1
Swamp:3:  layout_basic_swamp, gammafunk_ghost_cemetery, nicolae_swamp_treefoil,
          uniq_mara
Swamp:4:  swamp_basic_johnstein, layout_basic_swamp, swamp_pool1,
          nicolae_swamp_well_well_well
Spider:1: nicolae_spider_hilbert_zone_2 [nicolae_spider_hilbert_4_sides_1_open,
          nicolae_spider_hilbert_4_sides_1_open,
          nicolae_spider_hilbert_4_sides_1_open,
          nicolae_spider_hilbert_4_sides_1_open,
          nicolae_spider_hilbert_6_sides_1_open,
          nicolae_spider_hilbert_6_sides_1_open,
          nicolae_spider_hilbert_3_sides_1_open,
          nicolae_spider_hilbert_3_sides_1_open,
          nicolae_spider_hilbert_3_sides_1_open,
          nicolae_spider_hilbert_3_sides_1_open,
          nicolae_spider_hilbert_6_sides_1_open,
          nicolae_spider_hilbert_6_sides_1_open,
          nicolae_spider_hilbert_6_sides_1_open,
          nicolae_spider_hilbert_6_sides_1_open]
Spider:2: layout_spider_delve, uniq_agnes
Spider:3: layout_spider_delve, spiders_nest_the_unseen
Spider:4: hellmonk_spider_rune_bug_friends, uniq_arachne
Orc:1:    layout_diamond_mine, hellmonk_jugg_or_not
Orc:2:    st_orc_rangers, layout_diamond_mine, serial_shops,
          nicolae_shop_back_alley_shop
Elf:1:    eino_elf_arrival_customs, layout_gridlike, minmay_elf_annihilation,
          grunt_megastairs_1
Vaults:1: vaults_room_ringed_pool, nicolae_vaults_whirlpool_walls,
          ontoclasm_vaults_eye, nicolae_vaults_circle_grid_a, v_pattern_4,
          nicolae_vaults_tetromino_T_1, vaults_dpeg_ring,
          nicolae_vaults_more_shelving_2, nicolae_vaults_bisected_inception,
          nicolae_vaults_apartment_2, nicolae_vaults_diagonal_hallway_6,
          v_misc_17, nicolae_vaults_little_squares_1, v_misc_19,
          nicolae_vaults_house_1, grunt_vaults_hallway_long,
          hangedman_vaults_restitches, layout_vaults_ring
Vaults:2: minmay_crypt_entry_vampire_xt, v_misc_9, dpeg_vaults_monster_row,
          ontoclasm_vaults_chip, ontoclasm_vaults_shuriken,
          hangedman_vaults_nails, nicolae_vaults_storage_room_glass,
          nicolae_vaults_network_quincunx
          [nicolae_vaults_network_quincunx_subvault,
          nicolae_vaults_network_quincunx_subvault,
          nicolae_vaults_network_quincunx_subvault,
          nicolae_vaults_network_quincunx_subvault,
          nicolae_vaults_network_quincunx_subvault],
          nicolae_vaults_double_plus_1, nicolae_vaults_shipping_containers_3,
          nicolae_vaults_trapezoid_3, v_misc_33, layout_vaults_omnibox,
          uniq_jory
Vaults:3: nicolae_vaults_bisected_slash, grunt_vaults_diagonal,
          nicolae_vaults_sightless_eye, vaults_room_hangedman_quadrants,
          v_pattern_3, nicolae_vaults_windows_and_doors_thing,
          nicolae_vaults_six-pack, hangedman_vaults_trim, hangedman_vaults_maws,
          layout_vaults_omnicross, enter_trove_2
Vaults:4: nicolae_vaults_storage_closets_1, vaults_room_octagon,
          vaults_room_boxed, v_misc_17, nicolae_vaults_sesquioval_fish,
          nicolae_vaults_double_plus_1, nicolae_vaults_apartment_1,
          layout_vaults_omnigrid
Vaults:5: serial_shops, uniq_margery, uniq_mennas

Skill      XL: |  1  2  3  4  5  6  7  8  9 10 11 12 13 14 15 16 17 18 19 20 21 22 23 |
---------------+----------------------------------------------------------------------+-----
Short Blades   | 3 4 5 6 7 8 10 11 12 13 14 15 16 17 18 | 18.1
Dodging        | 2 3 4 5 7 9 10 12 13 15 16 17 18 19 20 21 22 | 22.3
Stealth        | 6 7 8 10 11 13 15 17 18 19 21 22 23 24 25 26 | 26.3
Fighting       | 3 4 5 6 7 8 9 10 11 12 13 14 15 | 15.0
Evocations     | 2 5 7 8 10 11 12 13 | 13.7
Armour         | 2 4 5 6 |  6.5
Hexes          | 2 4 5 7 8 |  8.3
Translocations | 1 3 |  3.2
Spellcasting   | 1 3 5 |  5.6
Invocations    | 3 5 7 8 |  8.4
Throwing       | |  2.1

Action                     |  1- 3 |  4- 6 |  7- 9 | 10-12 | 13-15 | 16-18 | 19-21 | 22-24 || total
---------------------------+-------+-------+-------+-------+-------+-------+-------+-------++-------
  Melee: Dagger            |    63 |    90 |   363 |       |       |       |       |       ||   516
         Punch             |       |     1 |     8 |    19 |    18 |    47 |    16 |     6 ||   115
         Quick blade       |       |       |    16 |   648 |  1213 |  1974 |   515 |     4 ||  4370
         Rapier            |       |       |       |   193 |       |    64 |   198 |   445 ||   900
 Invoke: Stomp             |       |       |       |       |     1 |       |       |       ||     1
Ability: Evoke Blink       |       |       |       |       |       |       |       |     1 ||     1
  Evoke: Wand              |       |       |       |       |       |       |       |     1 ||     1
    Use: Scroll            |     4 |     7 |     9 |    13 |     1 |     6 |     3 |     3 ||    46
         Potion            |       |       |     1 |     2 |     4 |    14 |     2 |     3 ||    26
   Stab: Sleeping          |    18 |    11 |    32 |    59 |    67 |   114 |    32 |    73 ||   406
         Distracted        |       |       |     5 |     5 |     2 |     9 |     2 |     1 ||    24
         Paralysed         |       |       |       |    43 |    49 |    85 |    43 |    57 ||   277
         Confused          |       |       |       |       |       |     1 |       |       ||     1
         Petrified         |       |       |       |       |       |       |       |     1 ||     1
 Armour: Robe              |     9 |    26 |    30 |    43 |       |       |       |       ||   108
         Leather armour    |       |       |       |    21 |    66 |   252 |    81 |    61 ||   481
         Troll leather arm |       |       |       |     1 |       |       |       |       ||     1
  Dodge: Dodged            |    32 |   105 |   294 |   567 |   578 |  1594 |   606 |   497 ||  4273
